 Dungeon Crawl Stone Soup version 0.27.1-33-g824d729ab1 (webtiles) character file.

Game seed: 3488527340019614934

34 Descartes the Sneak (level 3, -2/19 HPs)
             Began as a Spriggan Wanderer on Dec 4, 2021.
             Slain by an adder (3 damage)
             ... on level 2 of the Dungeon.
             The game lasted 00:01:54 (1698 turns).

Descartes the Sneak (Spriggan Wanderer)             Turns: 1698, Time: 00:01:55

Health: -2/19      AC:  2    Str: 10    XL:     3   Next: 14%
Magic:  4/4        EV: 16    Int: 13    God:
Gold:   6          SH:  0    Dex: 13    Spells: 2/2 levels left

rFire    . . .     SeeInvis +   a - +2 short sword
rCold    . . .     Faith    .   (shield restricted)
rNeg     . . .     Spirit   .   d - +0 robe
rPois    .         Reflect  .   (helmet restricted)
rElec    .         Harm     .   (no cloak)
rCorr    .         Rampage  .   (gloves unavailable)
Will     .....                  (boots unavailable)
Stlth    +++.......             (no amulet)
HPRegen  0.06/turn              (no ring)
MPRegen  0.09/turn              (no ring)

@: lethally poisoned (-2 -> -5), very quick
A: very small, no large weapons, unfitting armour, see invisible, speed 3
a: no special abilities


You were on level 2 of the Dungeon.
You visited 1 branch of the dungeon, and saw 2 of its levels.

You collected 6 gold pieces.

Inventory:

Hand Weapons
 a - a +2 short sword (weapon)
 c - a +0 spear
 e - a +0 dagger
 j - a +0 dagger of speed
Missiles
 f - 60 stones (quivered)
Armour
 d - a +0 robe (worn)
Scrolls
 g - a scroll of enchant armour {unknown}
 h - 2 scrolls of identify {unknown}
Potions
 b - 2 potions of lignification
 i - a potion of mutation {unknown}


   Skills:
 - Level 2.4 Fighting
 + Level 2.2 Short Blades
 - Level 2.1 Polearms
 + Level 2.2 Dodging
 - Level 5.0 Stealth


You had 2 spell levels left.
You didn't know any spells.
Your spell library was empty.

Dungeon Overview and Level Annotations

Branches:
Dungeon (2/15)

Altars:


Innate Abilities, Weirdness & Mutations

You are very small and have problems with some larger weapons.
You are too small for most types of armour.
You have supernaturally acute eyesight. (SInv)
You cover ground extremely quickly. (Speed+++)


Message History

The adder poisons you!
You closely miss the adder.
The adder is severely wounded.
You feel sick. The adder bites you.
You are lethally poisoned!
The adder poisons you! The adder closely misses you.
You are too injured to fight recklessly!
You are too injured to fight recklessly!
You are too injured to fight recklessly!
You are too injured to fight recklessly!
You are too injured to fight recklessly!
You are too injured to fight recklessly!
You are too injured to fight recklessly!
You are too injured to fight recklessly!
You are too injured to fight recklessly!
You are too injured to fight recklessly!
You are too injured to fight recklessly!
You are too injured to fight recklessly!
You are too injured to fight recklessly!
You are too injured to fight recklessly!
You are too injured to fight recklessly!
You are too injured to fight recklessly!
You hit the adder.
The adder is almost dead.
* * * LOW HITPOINT WARNING * * *
You feel sick. The adder barely misses you.
You barely miss the adder.
The adder is almost dead.
* * * LOW HITPOINT WARNING * * *
You feel sick. The adder closely misses you.
You miss the adder.
The adder is almost dead.
* * * LOW HITPOINT WARNING * * *
You feel sick. The adder closely misses you.
The adder bites you but does no damage.
You closely miss the adder.
The adder is almost dead.
* * * LOW HITPOINT WARNING * * *
You feel sick. The adder bites you.
You die...

### #.#
..###.#
....#.#
#.#.#.#
#.#.#.#
#S#.#.#
#@#.#.#
#####.#.#.#
#.........#
#>#####..##
#..# # #..#
#.### #..#
#.....#..#
#.....#..#


You could see an adder.

Vanquished Creatures
  A ball python (D:1)
  2 bats
  An endoplasm (D:1)
  2 giant cockroaches
  5 goblins
  A hobgoblin (D:1)
  7 jackals (D:1)
  2 quokkas
  A frilled lizard (D:1)
  3 kobolds (D:1)
  3 rats (D:1)
28 creatures vanquished.

Notes
Turn   | Place    | Note
-------+----------+-------------------------------------------
     0 | D:1      | Descartes the Spriggan Wanderer began the quest for the
                  | Orb.
     0 | D:1      | Descartes set off with the following items: a +2 short
                  | sword, a potion of lignification, a +0 spear, a +0 robe, a
                  | +0 dagger
     0 | D:1      | Reached XP level 1. HP: 11/11 MP: 2/2
   403 | D:1      | Reached skill level 1 in Dodging
   525 | D:1      | Reached XP level 2. HP: 16/16 MP: 3/3
   857 | D:1      | Found a faded altar of an unknown god.
   866 | D:1      | Reached skill level 5 in Stealth
  1535 | D:2      | Reached XP level 3. HP: 19/19 MP: 4/4
  1698 | D:2      | Slain by an adder

Illustrated notes

Levels and vault maps discovered:
D:1:      dpeg_arrival_leaves_temple_mockup, layout_basic,
          shapermc_ecumenical_altar_totnotflames
D:2:      layout_loops_ring

Skill      XL: |  1  2 |
---------------+-------+-----
Dodging        | 1 2 |  2.2
Stealth        | 5 |  5.0
Short Blades   | 2 |  2.2
Fighting       | |  2.4
Polearms       | |  2.1

Action                   || total
-------------------------++-------
Melee: Short sword       ||    98
 Stab: Sleeping          ||     4
Armor: Robe              ||    10
Dodge: Dodged            ||    85
